 Dungeon Crawl Stone Soup version 0.25.1-2-g60ff931df9 (webtiles) character file.

Game seed: 11776256850949038654

157 Exodus22XD the Poker (level 5, -1/39 HPs)
             Began as a Demonspawn Gladiator on Nov 7, 2020.
             Slain by a gnoll
             ... wielding a +0 spear
              (3 damage)
             ... on level 2 of the Dungeon.
             The game lasted 00:02:19 (1912 turns).

Exodus22XD the Poker (Demonspawn Gladiator)         Turns: 1912, Time: 00:02:20

Health: -1/39      AC:  8    Str: 16    XL:     5   Next: 15%
Magic:  5/5        EV:  8    Int:  9    God:
Gold:   86         SH:  0    Dex: 14    Spells: 4/4 levels left

rFire    . . .     SeeInvis +   a - +0 trident
rCold    . . .     Gourm    .   (no shield)
rNeg     . . .     Faith    .   u - +0 chain mail
rPois    .         Spirit   .   o - -1 helmet (curse)
rElec    .         Reflect  .   (no cloak)
rCorr    .         Harm     .   (no gloves)
MR       .....                  (no boots)
Stlth    ..........             (no amulet)
HPRegen  0.13/turn              s - ring of see invisible
MPRegen  0.09/turn              (no ring)

@: hasted, very quick
A: powered by pain 2
a: no special abilities


You were on level 2 of the Dungeon.
You were not hungry.

You visited 1 branch of the dungeon, and saw 2 of its levels.

You collected 86 gold pieces.

Inventory:

Hand Weapons
 a - a +0 trident (weapon)
Missiles
 d - 3 throwing nets (quivered)
Armour
 b - a +0 leather armour
 c - a +0 helmet
 o - a cursed -1 helmet (worn)
 u - a +0 chain mail (worn)
Jewellery
 s - a ring of see invisible (left hand)
Scrolls
 g - a scroll of identify {unknown}
 h - a scroll of amnesia {unknown}
 j - a scroll of fog {unknown}
 k - a scroll of teleportation {unknown}
 l - 2 scrolls of remove curse {unknown}
 n - a scroll of random uselessness {unknown}
 t - a scroll of blinking {unknown}
Potions
 i - a potion of might {unknown}
 m - a potion of haste
 p - a potion of lignification {unknown}
 q - a potion of stabbing {unknown}
Comestibles
 f - 3 rations
 r - a chunk of flesh


   Skills:
 + Level 2.5 Fighting
 + Level 4.5 Polearms
 - Level 1.7 Throwing
 + Level 1.4 Armour
 + Level 3.1 Dodging


You had 4 spell levels left.
You didn't know any spells.
Your spell library was empty.

Dungeon Overview and Level Annotations

Branches:
Dungeon (2/15)

Altars:
Hepliaklqana


Innate Abilities, Weirdness & Mutations

You sometimes gain power by taking damage.


Message History

You hit the gnoll but do no damage.
The gnoll is lightly wounded.
The gnoll barely misses you. The gnoll hits you with a +0 spear.
* * * LOW HITPOINT WARNING * * *
You hit the gnoll but do no damage.
The gnoll is lightly wounded.
The gnoll hits you but does no damage. x2
You puncture the gnoll!
The gnoll is severely wounded.
Unknown command.
You hit the gnoll.
The gnoll is almost dead.
The gnoll hits you with a +0 spear.
* * * LOW HITPOINT WARNING * * *
The gnoll hits you with a cursed -1 spear.
* * * LOW HITPOINT WARNING * * *
You closely miss the gnoll.
The gnoll is almost dead.
The gnoll barely misses you. The gnoll hits you with a +0 spear.
You die...

##.....##
#.......#####
#.##...........#
#.....!....#
####.....##
#.....#
#.###.g...#
#....gg####
#..###@# #.. #.#
.###..###.#
..........#
######.### ##.##
#...#####
#[.....##. ####
##.##...##.# .


You could see 3 gnolls.

Vanquished Creatures
  Natasha (twice) (D:2)
  Robin (D:2)
  An adder (D:2)
  A gnoll (D:2)
  2 oozes (D:2)
  2 worms (D:2)
  5 dart slugs
  2 leopard geckos (D:1)
  5 bats
  2 giant cockroaches (D:1)
  6 hobgoblins
  6 kobolds
  4 frilled lizards
  13 goblins
  2 rats (D:1)
54 creatures vanquished.

Notes
Turn   | Place    | Note
-------+----------+-------------------------------------------
     0 | D:1      | Exodus22XD the Demonspawn Gladiator began the quest for the
                  | Orb.
     0 | D:1      | Reached XP level 1. HP: 16/16 MP: 1/1
   112 | D:1      | Gained mutation: You sometimes gain a little power by
                  | taking damage. [demonic ancestry]
   112 | D:1      | Reached XP level 2. HP: 22/22 MP: 2/2
   219 | D:1      | Reached skill level 3 in Polearms
   611 | D:1      | Reached XP level 3. HP: 27/27 MP: 3/3
  1162 | D:2      | Noticed Natasha
  1168 | D:2      | Killed Natasha
  1168 | D:2      | Reached skill level 1 in Armour
  1196 | D:2      | Gained mutation: You sometimes gain power by taking damage.
                  | [demonic ancestry]
  1196 | D:2      | Reached XP level 4. HP: 28/34 MP: 4/4
  1478 | D:2      | Noticed Robin
  1487 | D:2      | Killed Robin
  1487 | D:2      | Reached skill level 4 in Polearms
  1568 | D:2      | Noticed Natasha
  1575 | D:2      | Killed Natasha
  1575 | D:2      | Reached XP level 5. HP: 21/39 MP: 5/5
  1762 | D:2      | Found a hazy altar of Hepliaklqana.
  1912 | D:2      | Slain by a gnoll

Illustrated notes

Levels and vault maps discovered:
D:1:      sevenhm_arrival_forest_fort_large_4, layout_rooms
D:2:      layout_loops_cross, overflow_temple_1_default, first_ration,
          hex_large, chequers_jeans, uniq_robin, uniq_natasha

Skill      XL: |  1  2  3  4 |
---------------+-------------+-----
Polearms       | 3 4 |  4.5
Dodging        | 3 |  3.1
Armour         | 1 |  1.4
Fighting       | |  2.5
Throwing       | |  1.7

Action                   |  1- 3 |  4- 6 || total
-------------------------+-------+-------++-------
Melee: Trident           |    93 |    97 ||   190
  Use: Potion            |       |     2 ||     2
  Eat: Chunk             |       |     3 ||     3
Armor: Leather armour    |    19 |     9 ||    28
       Chain mail        |       |    15 ||    15
Dodge: Dodged            |    64 |    49 ||   113
